 Dungeon Crawl Stone Soup version 0.18.1-50-g88ac8fd (webtiles) character file.

56 Monkfish the Sneak (level 4, -3/27 HPs)
             Began as a Kobold Assassin on Oct 22, 2016.
             Slain by a gnoll
             ... wielding a +0 spear
              (4 damage)
             ... on level 2 of the Dungeon.
             The game lasted 00:02:51 (1303 turns).

Monkfish the Sneak (Kobold Assassin)                Turns: 1303, Time: 00:02:52

Health: -3/27      AC:  4    Str:  8 (10) XL:     4   Next: 17%
Magic:  4/4        EV: 13    Int:  8 (9)  God:
Gold:   38         SH:  0    Dex: 16 (17) Spells: 0 memorised, 3 levels left

rFire  . . .     SeeInvis .     a - +2 dagger
rCold  . . .     Gourm    .     l - +0 leather armour
rNeg   . . .     Faith    .     (shield restricted)
rPois  .         Spirit   .     (no helmet)
rElec  .         Dismiss  .     d - +0 cloak
rCorr  .         Reflect  .     (no gloves)
SustAt .         Harm     .     (no boots)
MR     .....                    (no amulet)
Stlth  ++++......               (no ring)
                                (no ring)

@: very slightly contaminated, invisible, not resistant to hostile enchantments,
stealthy
A: carnivore 3
a: no special abilities


You were on level 2 of the Dungeon.
You were full.

You visited 1 branch of the dungeon, and saw 2 of its levels.

You collected 38 gold pieces.

Inventory:

Hand Weapons
 a - a +2 dagger (weapon)
 b - a +0 blowgun
Missiles
 e - 4 poisoned needles
 f - 2 curare-tipped needles
Armour
 c - a +0 robe
 d - a +0 cloak (worn)
 l - a +0 leather armour (worn)
Jewellery
 n - an uncursed ring of sustain attributes {unknown}
Scrolls
 k - 2 scrolls of identify
Potions
 j - a potion of ambrosia
Comestibles
 g - a meat ration
 i - a royal jelly


   Skills:
 + Level 2.3 Fighting
 + Level 2.8 Short Blades
 + Level 2.2 Throwing
 - Level 1.2 Dodging
 * Level 7.3 Stealth


You had 3 spell levels left.
You didn't know any spells.

Dungeon Overview and Level Annotations

Branches:
Dungeon (2/15)

Altars:
Makhleb
Okawaru
Ru


Innate Abilities, Weirdness & Mutations

You are small and have problems with some larger weapons.
You are carnivorous and can eat meat at any time.


Message History

The gnoll misses you. The hobgoblin barely misses you.
You catch the helpless gnoll completely off-guard!
You impale the gnoll!!
You kill the gnoll!
You have reached level 4!
The goblin shouts!
You hit the hobgoblin but do no damage. The gnoll barely misses you.
The gnoll hits you but does no damage. The hobgoblin hits you with a club.
* * * LOW HITPOINT WARNING * * *
You hit the gnoll.
The gnoll is heavily wounded.
The gnoll hits you with a halberd.
* * * LOW HITPOINT WARNING * * *
The goblin completely misses you.
You closely miss the gnoll.
The gnoll is heavily wounded.
The hobgoblin hits you but does no damage.
The gnoll hits you from afar with a spear.
You die...

...# ...# #+#..#
#.#.)# #....#
###.##
#####.#.###
#.........# ##
#..#..@(#.# ..
#....ggg..#
#.####._..g...#
#...)..)......#
#.###....8....#
#######.........#
#............_.##
#.####...........
#####.#
+............


You could see 2 gnolls, a hobgoblin and a goblin.

Vanquished Creatures
  A gnoll (D:2)
  An ooze (D:1)
  A dart slug (D:1)
  A worm (D:2)
  11 bats
  3 giant cockroaches
  A goblin (D:1)
  6 hobgoblins
  2 jackals (D:1)
  4 kobolds
  2 giant newts
  4 rats
37 creatures vanquished.

Notes
Turn   | Place    | Note
--------------------------------------------------------------
     0 | D:1      | Monkfish the Kobold Assassin began the quest for the Orb.
     0 | D:1      | Reached XP level 1. HP: 12/12 MP: 1/1
    59 | D:1      | Reached XP level 2. HP: 7/17 MP: 2/2
   231 | D:1      | Reached skill level 6 in Stealth
   541 | D:1      | Reached XP level 3. HP: 21/21 MP: 3/3
   966 | D:2      | Found an iron altar of Okawaru.
  1141 | D:2      | Reached skill level 7 in Stealth
  1147 | D:2      | Found a burning altar of Makhleb.
  1147 | D:2      | Found a sacrificial altar of Ru.
  1299 | D:2      | Reached XP level 4. HP: 3/27 MP: 4/4
  1302 | D:2      | HP: 1/27 [gnoll/halberd (1)]
  1303 | D:2      | Slain by a gnoll

Skill      XL: |  1  2  3 |
---------------+----------+-----
Stealth        | 6 7 |  7.3
Fighting       | |  2.3
Short Blades   | |  2.8
Throwing       | |  2.2
Dodging        | |  1.2

Action                   |  1- 3 |  4- 6 || total
-------------------------+-------+-------++-------
Melee: Dagger            |   109 |     3 ||   112
 Fire: Blowgun           |     4 |       ||     4
  Use: Scroll            |     3 |       ||     3
       Potion            |     3 |       ||     3
 Stab: Sleeping          |    12 |       ||    12
       Invisible         |     1 |       ||     1
  Eat: Chunk             |     7 |       ||     7
Armor: Robe              |    19 |       ||    19
       Leather armour    |    15 |     1 ||    16
Dodge: Dodged            |   103 |     2 ||   105
